Nordiques vs Canadiens

Created - 23 mars 2016 at 23:39

Goals
1 2 3 T
Nordiques 1 1 1 3
Canadiens 2 3 2 7
Shots
1 2 3 T
Nordiques 11 17 4 32
Canadiens 14 13 10 37

1st period

1. Canadiens , Patrick Sharp 45 (Marek Svatos, Marc Savard) at 2:52
2. Nordiques , Chris Drury 29 (Niclas Wallin, R.J. Umberger) at 11:36
3. Canadiens , Drew Miller 17 (Maxim Talbot, Marc Savard) at 16:50

Penalties :
Vaclav Prospal (Que) for Hooking (Minor) at 2:55

2nd period

4. Canadiens , Drew Miller 18 (Maxim Talbot, Patrick Sharp) at 1:47
5. Canadiens , Denis Grebeshkov 8 (Patrick Sharp, Marek Svatos) at 6:33 (PP)
6. Canadiens , Drew Miller 19 (Dennis Wideman) at 7:23
7. Nordiques , R.J. Umberger 33 (Alexei Kovalev, Chris Drury) at 16:30 (PP)

Penalties :
Matt Moulson (Que) for Hooking (Minor) at 6:24, Maxim Talbot (Mon) for Tripping (Minor) at 11:13, Maxim Talbot (Mon) for Slashing (Minor) at 16:21

3rd period

8. Canadiens , Drew Miller 20 (Maxim Talbot, Dennis Wideman) at 3:30
9. Nordiques , Vaclav Prospal 13 (Matt Moulson) at 12:24
10. Canadiens , Marek Svatos 33 (Denis Grebeshkov, Dan Boyle) at 13:34 (PP)

Penalties :
Marek Svatos (Mon) for High sticking (Minor) at 6:12, Niklas Kronwall (Que) for Cross-checking (Minor) at 9:46, Alexei Kovalev (Que) for Holding (Minor) at 13:22, Maxim Talbot (Mon) for Hooking (Minor) at 16:47

Goalie Stats

Julien Ellis (Que), 15 saves from 18 shots - (0,833), 33:27 minutes
Martin Brodeur (Que), 15 saves from 19 shots - (0,789), L, 23-27-6, 26:33 minutes
Jonathan Bernier (Mon), 29 saves from 32 shots - (0,906), W, 24-17-2, 60:00 minutes

Players Stats for Nordiques

Player Name              G  A  P  +/- PIM S  H  SB GA TA FO     MP     PP MP  PK MP  
------------------------------------------------------------------------------------
Alexei Kovalev           0  1  1  -1  2   2  0  1  0  0  1/2    19:54   3:07   0:00 
Chris Drury              1  1  2  -1  0   4  0  0  0  1  18/30  20:49   3:07   0:54 
Dustin Byfuglien         0  0  0  -1  0   1  3  1  0  0  0/0    15:14   2:46   0:00 
Fedor Tyutin             0  0  0   0  0   5  1  0  0  0  0/0    27:31   3:24   2:40 
Jarret Stoll             0  0  0  -1  0   2  0  0  0  1  2/5    11:10   0:13   1:06 
Kyle Calder              0  0  0   0  0   0  0  0  1  0  0/0    11:42   0:13   0:54 
Mark Eaton               0  0  0   0  0   2  2  0  1  1  0/0    27:31   3:24   2:40 
Matt Moulson             0  1  1  -1  2   0  2  0  0  0  0/0    15:13   2:46   0:00 
Miroslav Satan           0  0  0   0  0   1  2  1  0  0  0/0    12:17   0:13   1:06 
Niclas Wallin            0  1  1   0  0   0  0  1  0  0  0/0    18:13   2:42   1:39 
Niklas Kronwall          0  0  0  -3  2   0  0  0  0  3  0/0    14:38   0:00   0:00 
Nikolai Kulemin          0  0  0  -1  0   1  0  0  0  1  0/0     9:21   0:00   0:00 
Pascal Dupuis            0  0  0  -1  0   2  3  1  0  0  0/0    11:40   0:00   2:19 
R.J. Umberger            1  1  2  -1  0   8  1  0  2  0  3/7    22:14   3:07   2:19 
Rich Peverley            0  0  0   0  0   0  1  0  1  0  4/7    10:28   0:00   0:00 
Shane Hnidy              0  0  0  -3  0   1  1  1  0  0  0/0    14:16   0:00   0:00 
Toni Lydman              0  0  0   0  0   0  0  1  2  0  0/0    18:13   2:42   1:39 
Vaclav Prospal           1  0  1  -1  2   3  2  1  0  0  4/10   15:13   2:46   0:00 

Players Stats for Canadiens

Player Name              G  A  P  +/- PIM S  H  SB GA TA FO     MP     PP MP  PK MP  
------------------------------------------------------------------------------------
Brian Gionta             0  0  0  -1  0   0  1  1  0  0  0/0     8:54   0:00   0:00 
Brooks Laich             0  0  0   0  0   1  0  0  0  0  2/3    11:37   0:00   2:13 
Dan Boyle                0  1  1   0  0   1  2  1  0  0  0/0    20:45   2:27   0:00 
Denis Grebeshkov         1  1  2   2  0   2  6  2  0  1  0/0    23:59   2:27   2:46 
Dennis Wideman           0  2  2   3  0   1  4  2  1  1  0/0    25:40   1:52   3:20 
Devin Setoguchi          0  0  0   3  0   2  1  1  0  0  0/0    15:22   1:59   0:00 
Drew Miller              4  0  4   3  0   8  2  1  0  0  0/1    17:48   1:59   2:26 
Dustin Boyd              0  0  0  -1  0   2  2  1  0  0  3/6    11:27   1:59   0:34 
Greg Stewart             0  0  0   0  0   3  1  0  0  0  0/0    12:11   0:00   3:11 
Jiri Fischer             0  0  0  -1  0   0  2  0  0  0  0/0    19:24   0:00   3:20 
Ladislav Smid            0  0  0   1  0   1  0  1  0  1  0/0    15:36   0:00   2:46 
Marc Savard              0  2  2   1  0   3  0  2  1  0  17/35  22:34   2:20   2:20 
Marek Svatos             1  2  3   1  2   5  4  0  3  0  1/2    20:13   2:20   0:00 
Matt Carle               0  0  0   1  0   3  0  2  1  2  0/0    14:36   1:52   0:00 
Maxim Talbot             0  3  3   3  6   1  2  1  0  2  6/14   14:43   0:00   0:59 
Patrick Sharp            1  2  3   1  0   3  0  0  1  0  0/0    21:07   2:20   0:29 
Rene Bourque             0  0  0   0  0   1  3  0  0  0  0/0     9:00   0:00   0:00 
Riley Cote               0  0  0  -1  0   0  1  0  0  0  0/0     8:54   0:00   0:00 

3 Stars

1 - Drew Miller (Mon)
2 - Denis Grebeshkov (Mon)
3 - Marek Svatos (Mon)

Power Play

Nordiques - 1 on 4 Attempt(s) - 25,00%
Canadiens - 2 on 4 Attempt(s) - 50,00%

Penalty Kill

Nordiques - 2 on 4 Attempt(s) - 50,00% - Score 0 goal in Penalty Kill
Canadiens - 3 on 4 Attempt(s) - 75,00% - Score 0 goal in Penalty Kill

Team Stat

Nordiques - Hits : 18 - Faceoff Wins : 32 - Blocked Shots : 8 - Penalty Minutes : 8
Canadiens - Hits : 31 - Faceoff Wins : 29 - Blocked Shots : 15 - Penalty Minutes : 8

Official

Referees : Joannette Marc and Auger Stephane
Linesman : Mark Wheler and Andy McElman

Game Notes

Julien Ellis enters game at 6:33 of 2nd period
Drew Miller has scored a Hat Trick!

Finance

Level 1 -- Attendance: 6000 (100,00%) -- Ticket Income 516 000 $
Level 2 -- Attendance: 4824 (96,48%) -- Ticket Income 241 200 $
Level 3 -- Attendance: 2000 (100,00%) -- Ticket Income 62 000 $
Level 4 -- Attendance: 3515 (87,88%) -- Ticket Income 77 330 $
Luxury Box -- Attendance: 1000 (100,00%) -- Ticket Income 165 000 $
Game was played at the Centre Bell.
Total Attendance: 17339 (96,33%)
Total Ticket Income: 1 061 530 $
Other Income: 159 230 $
Total Income: 1 220 760 $

Nordiques

5 vs 5 Forward 
   Center                   Left Wing                Right Wing               Time % Phy DF OF 
 1 Chris Drury              R.J. Umberger            Alexei Kovalev           40     1   2  2  
 2 Vaclav Prospal           Matt Moulson             Dustin Byfuglien         30     1   2  2  
 3 Rich Peverley            Kyle Calder              Miroslav Satan           20     1   2  2  
 4 Jarret Stoll             Nikolai Kulemin          Pascal Dupuis            10     1   2  2  

5 vs 5 Defense 
   Defense                  Defense                                           Time % Phy DF OF 
 1 Fedor Tyutin             Mark Eaton                                        40     1   3  1  
 2 Toni Lydman              Niclas Wallin                                     30     1   3  1  
 3 Niklas Kronwall          Shane Hnidy                                       20     1   3  1  
 4 Fedor Tyutin             Mark Eaton                                        10     1   3  1  

PowerPlay Forward 
   Center                   Left Wing                Right Wing               Time % Phy DF OF 
 1 Chris Drury              R.J. Umberger            Alexei Kovalev           60     1   2  2  
 2 Vaclav Prospal           Matt Moulson             Dustin Byfuglien         40     1   2  2  

PowerPlay Defense
   Defense                  Defense                                           Time % Phy DF OF 
 1 Fedor Tyutin             Mark Eaton                                        60     1   2  2  
 2 Toni Lydman              Niclas Wallin                                     40     1   2  2  

Penalty Kill 4 Players Forward 
   Center                   Wing                     Time % Phy DF OF 
 1 R.J. Umberger            Pascal Dupuis            60     1   2  2  
 2 Jarret Stoll             Miroslav Satan           40     1   2  2  

Penalty Kill 4 Players Defense
   Defense                  Defense                  Time % Phy DF OF 
 1 Fedor Tyutin             Mark Eaton               60     1   2  2  
 2 Toni Lydman              Niclas Wallin            40     1   2  2  

Penalty Kill - 3 Players Forward 
   Forward                                           Time % Phy DF OF 
 1 R.J. Umberger                                     60     1   2  2  
 2 Chris Drury                                       40     1   2  2  

Penalty Kill - 3 Players Defense
   Defense                  Defense                  Time % Phy DF OF 
 1 Fedor Tyutin             Mark Eaton               60     1   2  2  
 2 Toni Lydman              Niclas Wallin            40     1   2  2  

4 vs 4 Forward 
   Center                   Wing                     Time % Phy DF OF 
 1 R.J. Umberger            Chris Drury              60     1   2  2  
 2 Vaclav Prospal           Alexei Kovalev           40     1   2  2  

4 vs 4 Defense
   Defense                  Defense                  Time % Phy DF OF 
 1 Fedor Tyutin             Mark Eaton               60     1   2  2  
 2 Toni Lydman              Niclas Wallin            40     1   2  2  

Last Minutes Offensive
   Center                   Left Wing                Right Wing               Defense                  Defense                  
   Chris Drury              R.J. Umberger            Alexei Kovalev           Fedor Tyutin             Mark Eaton               

Last Minutes Defensive
   Center                   Left Wing                Right Wing               Defense                  Defense                  
   Chris Drury              R.J. Umberger            Pascal Dupuis            Fedor Tyutin             Mark Eaton               

Goaltenders
Starting : Martin Brodeur           
Backup : Julien Ellis             

Extra Forwards
Normal : Chris Drury, Alexei Kovalev, R.J. Umberger - PP : Chris Drury, R.J. Umberger - PK : Pascal Dupuis
Extra Defensemen
Normal : Niklas Kronwall, Shane Hnidy, Toni Lydman - PP : Niklas Kronwall - PK : Shane Hnidy, Toni Lydman
Penalty Shots
R.J. Umberger, Chris Drury, Vaclav Prospal, Alexei Kovalev, Dustin Byfuglien

Canadiens

5 vs 5 Forward 
   Center                   Left Wing                Right Wing               Time % Phy DF OF 
 1 Marc Savard              Patrick Sharp            Marek Svatos             40     1   2  2  
 2 Maxim Talbot             Drew Miller              Devin Setoguchi          30     1   2  2  
 3 Brooks Laich             Greg Stewart             Rene Bourque             20     1   2  2  
 4 Dustin Boyd              Riley Cote               Brian Gionta             10     1   2  2  

5 vs 5 Defense 
   Defense                  Defense                                           Time % Phy DF OF 
 1 Denis Grebeshkov         Dennis Wideman                                    40     1   2  2  
 2 Jiri Fischer             Dan Boyle                                         30     1   2  2  
 3 Ladislav Smid            Matt Carle                                        20     1   2  2  
 4 Dan Boyle                Dennis Wideman                                    10     1   2  2  

PowerPlay Forward 
   Center                   Left Wing                Right Wing               Time % Phy DF OF 
 1 Marc Savard              Patrick Sharp            Marek Svatos             60     1   2  2  
 2 Dustin Boyd              Drew Miller              Devin Setoguchi          40     1   2  2  

PowerPlay Defense
   Defense                  Defense                                           Time % Phy DF OF 
 1 Dan Boyle                Denis Grebeshkov                                  60     1   2  2  
 2 Matt Carle               Dennis Wideman                                    40     1   2  2  

Penalty Kill 4 Players Forward 
   Center                   Wing                     Time % Phy DF OF 
 1 Maxim Talbot             Greg Stewart             60     1   2  2  
 2 Brooks Laich             Drew Miller              40     1   2  2  

Penalty Kill 4 Players Defense
   Defense                  Defense                  Time % Phy DF OF 
 1 Jiri Fischer             Dennis Wideman           60     1   2  2  
 2 Ladislav Smid            Denis Grebeshkov         40     1   2  2  

Penalty Kill - 3 Players Forward 
   Forward                                           Time % Phy DF OF 
 1 Maxim Talbot                                      60     1   2  2  
 2 Brooks Laich                                      40     1   2  2  

Penalty Kill - 3 Players Defense
   Defense                  Defense                  Time % Phy DF OF 
 1 Jiri Fischer             Dennis Wideman           60     1   2  2  
 2 Ladislav Smid            Denis Grebeshkov         40     1   2  2  

4 vs 4 Forward 
   Center                   Wing                     Time % Phy DF OF 
 1 Marc Savard              Patrick Sharp            60     1   2  2  
 2 Brooks Laich             Marek Svatos             40     1   2  2  

4 vs 4 Defense
   Defense                  Defense                  Time % Phy DF OF 
 1 Jiri Fischer             Dennis Wideman           60     1   2  2  
 2 Dan Boyle                Denis Grebeshkov         40     1   2  2  

Last Minutes Offensive
   Center                   Left Wing                Right Wing               Defense                  Defense                  
   Marc Savard              Patrick Sharp            Marek Svatos             Dan Boyle                Denis Grebeshkov         

Last Minutes Defensive
   Center                   Left Wing                Right Wing               Defense                  Defense                  
   Maxim Talbot             Drew Miller              Marek Svatos             Jiri Fischer             Dennis Wideman           

Goaltenders
Starting : Jonathan Bernier         
Backup : Miika Kiprusoff          

Extra Forwards
Normal : Greg Stewart, Rene Bourque, Brian Gionta - PP : Brian Gionta, Greg Stewart - PK : Marc Savard
Extra Defensemen
Normal : Ladislav Smid, Matt Carle, Denis Grebeshkov - PP : Jiri Fischer - PK : Matt Carle, Dan Boyle
Penalty Shots
Rene Bourque, Patrick Sharp, Marek Svatos, Dustin Boyd, Brooks Laich

% Time on Ice - Nordiques

Lines # - Real PCT - Wanted PCT - Time Play
Normal Forward
1 - 34% - 40% - 16:55
2 - 26% - 30% - 12:51
3 - 21% - 20% - 10:28
4 - 19% - 10% - 9:21
Normal Defense
1 - 38% - 40% - 19:00
2 - 28% - 30% - 13:52
3 - 29% - 20% - 14:16
4 - 5% - 10% - 2:27
PP Forward
1 - 55% - 60% - 3:20
2 - 45% - 40% - 2:46
PP Defense
1 - 56% - 60% - 3:24
2 - 44% - 40% - 2:42
PK Forward
1 - 75% - 60% - 3:13
2 - 25% - 40% - 1:06
PK Defense
1 - 62% - 60% - 2:40
2 - 38% - 40% - 1:39
PK3 Forward
1 - 0% - 60%
2 - 0% - 40%
PK3 Defense
1 - 0% - 60%
2 - 0% - 40%
44 Forward
1 - 0% - 60%
2 - 0% - 40%
44 Defense
1 - 0% - 60%
2 - 0% - 40%
Last Minute Offensive  - 0:00
Last Minute Defensive  - 0:00
Total
Forward - 60:00
Defense - 60:00

% Time on Ice - Canadiens

Lines # - Real PCT - Wanted PCT - Time Play
Normal Forward
1 - 37% - 40% - 18:18
2 - 27% - 30% - 13:23
3 - 18% - 20% - 9:00
4 - 18% - 10% - 8:54
Normal Defense
1 - 36% - 40% - 18:01
2 - 35% - 30% - 17:13
3 - 23% - 20% - 11:31
4 - 6% - 10% - 2:50
PP Forward
1 - 54% - 60% - 2:20
2 - 46% - 40% - 1:59
PP Defense
1 - 57% - 60% - 2:27
2 - 43% - 40% - 1:52
PK Forward
1 - 94% - 60% - 5:45
2 - 6% - 40% - 0:21
PK Defense
1 - 55% - 60% - 3:20
2 - 45% - 40% - 2:46
PK3 Forward
1 - 0% - 60%
2 - 0% - 40%
PK3 Defense
1 - 0% - 60%
2 - 0% - 40%
44 Forward
1 - 0% - 60%
2 - 0% - 40%
44 Defense
1 - 0% - 60%
2 - 0% - 40%
Last Minute Offensive  - 0:00
Last Minute Defensive  - 0:00
Total
Forward - 60:00
Defense - 60:00

Play by Play

1st period


0:01 of 1st period - Marc Savard wins face-off versus Chris Drury in neutral zone.
0:04 of 1st period - Snap shot by Patrick Sharp.
0:04 of 1st period - Shot Misses the Net.
0:12 of 1st period - Wrist shot by Patrick Sharp.
0:12 of 1st period - Stopped by Martin Brodeur without a rebound.
0:13 of 1st period - Vaclav Prospal wins face-off versus Maxim Talbot in Nordiques zone.
0:30 of 1st period - Dustin Byfuglien is hit by Drew Miller and loses puck.
0:42 of 1st period - Off-side.
0:43 of 1st period - Brooks Laich wins face-off versus Rich Peverley in neutral zone.
0:48 of 1st period - Snap shot by Rene Bourque.
0:48 of 1st period - Stopped by Martin Brodeur without a rebound.
0:49 of 1st period - Marc Savard wins face-off versus Chris Drury in Nordiques zone.
1:04 of 1st period - Backhand shot by Marek Svatos.
1:04 of 1st period - Stopped by Martin Brodeur with a rebound.
1:06 of 1st period - Snap shot by Marc Savard.
1:06 of 1st period - Shot Blocked by Shane Hnidy.
1:16 of 1st period - Chris Drury is hit by Rene Bourque and loses puck.
1:43 of 1st period - Snap shot by R.J. Umberger.
1:43 of 1st period - Stopped by Jonathan Bernier with a rebound.
1:49 of 1st period - Chris Drury is hit by Denis Grebeshkov and loses puck.
2:04 of 1st period - Slapshot by Fedor Tyutin.
2:04 of 1st period - Shot Blocked by Matt Carle.
2:06 of 1st period - Slapshot by Fedor Tyutin.
2:06 of 1st period - Stopped by Jonathan Bernier with a rebound.
2:08 of 1st period - Slapshot by Jarret Stoll.
2:08 of 1st period - Stopped by Jonathan Bernier without a rebound.
2:09 of 1st period - Marc Savard wins face-off versus Vaclav Prospal in Canadiens zone.
2:44 of 1st period - Snap shot by Drew Miller.
2:44 of 1st period - Stopped by Martin Brodeur without a rebound.
2:45 of 1st period - Marc Savard wins face-off versus Jarret Stoll in Nordiques zone.
2:52 of 1st period - Snap shot by Patrick Sharp.
2:52 of 1st period - Goal by Patrick Sharp - Nordiques : 0 - Canadiens : 1.
2:53 of 1st period - Vaclav Prospal wins face-off versus Marc Savard in neutral zone.
2:55 of 1st period - Minor Penalty to Vaclav Prospal for Hooking.
2:56 of 1st period - Marc Savard wins face-off versus R.J. Umberger in Nordiques zone.
3:08 of 1st period - Wrist shot by Marc Savard.
3:08 of 1st period - Shot Misses the Net.
3:10 of 1st period - Snap shot by Patrick Sharp.
3:10 of 1st period - Shot Blocked by Pascal Dupuis.
3:12 of 1st period - Snap shot by Marek Svatos.
3:12 of 1st period - Shot Misses the Net.
3:22 of 1st period - Dan Boyle is hit by Miroslav Satan and loses puck.
3:29 of 1st period - Snap shot by Miroslav Satan.
3:29 of 1st period - Shot Blocked by Drew Miller.
3:31 of 1st period - Snap shot by Toni Lydman.
3:31 of 1st period - Shot Misses the Net.
3:33 of 1st period - Slapshot by Toni Lydman.
3:33 of 1st period - Shot Blocked by Devin Setoguchi.
3:35 of 1st period - Slapshot by Toni Lydman.
3:35 of 1st period - Shot Blocked by Denis Grebeshkov.
4:22 of 1st period - Miroslav Satan is hit by Dustin Boyd and loses puck.
4:40 of 1st period - Kyle Calder is hit by Dustin Boyd and loses puck.
4:51 of 1st period - Snap shot by Dustin Boyd.
4:51 of 1st period - Deflect By Drew Miller.
4:51 of 1st period - Stopped by Martin Brodeur without a rebound.
4:52 of 1st period - R.J. Umberger wins face-off versus Marc Savard in Nordiques zone.
4:55 of 1st period - Penalty to Vaclav Prospal is over, Vaclav Prospal is back on ice.
5:13 of 1st period - Dustin Byfuglien is hit by Dennis Wideman and loses puck.
6:49 of 1st period - Snap shot by Dustin Byfuglien.
6:49 of 1st period - Shot Misses the Net.
7:01 of 1st period - Vaclav Prospal is hit by Marek Svatos and loses puck.
7:51 of 1st period - Jarret Stoll is hit by Dennis Wideman and loses puck.
8:02 of 1st period - Dennis Wideman is hit by Pascal Dupuis and loses puck.
8:29 of 1st period - Dustin Boyd is hit by Pascal Dupuis and loses puck.
8:34 of 1st period - Snap shot by Pascal Dupuis.
8:34 of 1st period - Shot Misses the Net.
8:36 of 1st period - Slapshot by Shane Hnidy.
8:36 of 1st period - Stopped by Jonathan Bernier with a rebound.
8:38 of 1st period - Backhand shot by Pascal Dupuis.
8:38 of 1st period - Stopped by Jonathan Bernier without a rebound.
8:39 of 1st period - Chris Drury wins face-off versus Marc Savard in Canadiens zone.
9:34 of 1st period - Rich Peverley is hit by Rene Bourque and loses puck.
10:26 of 1st period - Rich Peverley is hit by Dan Boyle and loses puck.
10:55 of 1st period - Chris Drury is hit by Rene Bourque.
10:59 of 1st period - Fedor Tyutin is hit by Greg Stewart and loses puck.
11:20 of 1st period - Chris Drury is hit by Maxim Talbot and loses puck.
11:28 of 1st period - Snap shot by Niclas Wallin.
11:28 of 1st period - Shot Blocked by Brian Gionta.
11:30 of 1st period - Snap shot by Alexei Kovalev.
11:30 of 1st period - Shot Blocked by Dustin Boyd.
11:32 of 1st period - Wrist shot by R.J. Umberger.
11:32 of 1st period - Shot Misses the Net.
11:34 of 1st period - Slapshot by Niclas Wallin.
11:34 of 1st period - Shot Misses the Net.
11:36 of 1st period - Snap shot by Chris Drury.
11:36 of 1st period - Goal by Chris Drury - Nordiques : 1 - Canadiens : 1.
11:37 of 1st period - Vaclav Prospal wins face-off versus Marc Savard in neutral zone.
11:40 of 1st period - Patrick Sharp is hit by Mark Eaton.
11:50 of 1st period - Slapshot by Marek Svatos.
11:50 of 1st period - Stopped by Martin Brodeur with a rebound.
12:26 of 1st period - Slapshot by Brooks Laich.
12:26 of 1st period - Shot Blocked by Toni Lydman.
12:32 of 1st period - Snap shot by Rene Bourque.
12:32 of 1st period - Deflect By Greg Stewart.
12:32 of 1st period - Stopped by Martin Brodeur with a rebound.
12:34 of 1st period - Snap shot by Greg Stewart.
12:34 of 1st period - Stopped by Martin Brodeur with a rebound.
12:49 of 1st period - Slapshot by Denis Grebeshkov.
12:49 of 1st period - Shot Blocked by Vaclav Prospal.
13:03 of 1st period - Dustin Byfuglien is hit by Marek Svatos and loses puck.
13:10 of 1st period - Wrist shot by Marek Svatos.
13:10 of 1st period - Shot Blocked by Dustin Byfuglien.
13:14 of 1st period - Wrist shot by Marc Savard.
13:14 of 1st period - Shot Blocked by Niclas Wallin.
14:26 of 1st period - Icing by Pascal Dupuis.
14:27 of 1st period - Marek Svatos wins face-off versus Jarret Stoll in Nordiques zone.
14:58 of 1st period - Slapshot by R.J. Umberger.
14:58 of 1st period - Stopped by Jonathan Bernier without a rebound.
14:59 of 1st period - Chris Drury wins face-off versus Maxim Talbot in Canadiens zone.
15:08 of 1st period - Snap shot by R.J. Umberger.
15:08 of 1st period - Stopped by Jonathan Bernier with a rebound.
15:10 of 1st period - Slapshot by Mark Eaton.
15:10 of 1st period - Shot Misses the Net.
15:12 of 1st period - Slapshot by Fedor Tyutin.
15:12 of 1st period - Stopped by Jonathan Bernier with a rebound.
16:08 of 1st period - Niclas Wallin is hit by Brian Gionta.
16:14 of 1st period - Slapshot by Jarret Stoll.
16:14 of 1st period - Deflect By Nikolai Kulemin.
16:14 of 1st period - Stopped by Jonathan Bernier without a rebound.
16:15 of 1st period - Marc Savard wins face-off versus R.J. Umberger in Canadiens zone.
16:48 of 1st period - Wrist shot by Drew Miller.
16:48 of 1st period - Stopped by Martin Brodeur with a rebound.
16:50 of 1st period - Snap shot by Drew Miller.
16:50 of 1st period - Goal by Drew Miller - Nordiques : 1 - Canadiens : 2.
16:51 of 1st period - Marc Savard wins face-off versus Chris Drury in neutral zone.
16:56 of 1st period - Snap shot by Marc Savard.
16:56 of 1st period - Stopped by Martin Brodeur with a rebound.
17:08 of 1st period - Wrist shot by R.J. Umberger.
17:08 of 1st period - Stopped by Jonathan Bernier with a rebound.
17:18 of 1st period - Vaclav Prospal is hit by Drew Miller and loses puck.
17:37 of 1st period - Greg Stewart is hit by Rich Peverley and loses puck.
18:03 of 1st period - Snap shot by Brooks Laich.
18:03 of 1st period - Stopped by Martin Brodeur without a rebound.
18:04 of 1st period - Chris Drury wins face-off versus Dustin Boyd in Nordiques zone.
18:15 of 1st period - Riley Cote is hit by Fedor Tyutin.
18:44 of 1st period - Patrick Sharp is hit by Dustin Byfuglien and loses puck.
18:54 of 1st period - Icing by Maxim Talbot.
18:55 of 1st period - Rich Peverley wins face-off versus Maxim Talbot in Canadiens zone.
19:10 of 1st period - Snap shot by Devin Setoguchi.
19:10 of 1st period - Stopped by Martin Brodeur without a rebound.
19:11 of 1st period - Marc Savard wins face-off versus Chris Drury in Nordiques zone.
Goals for this period are 1 for Nordiques vs 2 for Canadiens.
Shots for this period are 11 for Nordiques vs 14 for Canadiens.

2nd period


0:01 of 2nd period - Marc Savard wins face-off versus Chris Drury in neutral zone.
0:16 of 2nd period - Wrist shot by Marc Savard.
0:16 of 2nd period - Stopped by Martin Brodeur with a rebound.
0:26 of 2nd period - Dennis Wideman is hit by Vaclav Prospal and loses puck.
1:05 of 2nd period - Snap shot by Jarret Stoll.
1:05 of 2nd period - Stopped by Jonathan Bernier with a rebound.
1:26 of 2nd period - Patrick Sharp is hit by Vaclav Prospal and loses puck.
1:47 of 2nd period - Wrist shot by Drew Miller.
1:47 of 2nd period - Goal by Drew Miller - Nordiques : 1 - Canadiens : 3.
1:48 of 2nd period - Chris Drury wins face-off versus Marek Svatos in neutral zone.
1:53 of 2nd period - Slapshot by Fedor Tyutin.
1:53 of 2nd period - Shot Blocked by Marc Savard.
2:01 of 2nd period - Snap shot by R.J. Umberger.
2:01 of 2nd period - Stopped by Jonathan Bernier with a rebound.
2:03 of 2nd period - Backhand shot by Fedor Tyutin.
2:03 of 2nd period - Shot Blocked by Dan Boyle.
3:07 of 2nd period - Slapshot by Pascal Dupuis.
3:07 of 2nd period - Shot Misses the Net.
3:10 of 2nd period - Icing by Riley Cote.
3:11 of 2nd period - Dustin Boyd wins face-off versus Chris Drury in Canadiens zone.
3:16 of 2nd period - Wrist shot by Dustin Boyd.
3:16 of 2nd period - Stopped by Martin Brodeur without a rebound.
3:17 of 2nd period - Chris Drury wins face-off versus Marc Savard in Nordiques zone.
4:27 of 2nd period - Jarret Stoll is hit by Jiri Fischer and loses puck.
4:34 of 2nd period - Snap shot by Dustin Boyd.
4:34 of 2nd period - Stopped by Martin Brodeur with a rebound.
4:59 of 2nd period - Off-side.
5:00 of 2nd period - Maxim Talbot wins face-off versus Vaclav Prospal in neutral zone.
5:25 of 2nd period - R.J. Umberger is hit by Dennis Wideman and loses puck.
5:36 of 2nd period - Slapshot by Chris Drury.
5:36 of 2nd period - Stopped by Jonathan Bernier without a rebound.
5:37 of 2nd period - Vaclav Prospal wins face-off versus Maxim Talbot in Canadiens zone.
5:40 of 2nd period - Wrist shot by Dustin Byfuglien.
5:40 of 2nd period - Stopped by Jonathan Bernier without a rebound.
5:41 of 2nd period - Maxim Talbot wins face-off versus Vaclav Prospal in Canadiens zone.
5:52 of 2nd period - Snap shot by Vaclav Prospal.
5:52 of 2nd period - Stopped by Jonathan Bernier with a rebound.
6:24 of 2nd period - Minor Penalty to Matt Moulson for Hooking.
6:25 of 2nd period - Marc Savard wins face-off versus R.J. Umberger in Nordiques zone.
6:31 of 2nd period - Snap shot by Patrick Sharp.
6:31 of 2nd period - Shot Misses the Net.
6:33 of 2nd period - Slapshot by Denis Grebeshkov.
6:33 of 2nd period - Goal by Denis Grebeshkov - Nordiques : 1 - Canadiens : 4.
6:33 of 2nd period - Julien Ellis enters game.
6:34 of 2nd period - Alexei Kovalev wins face-off versus Marc Savard in neutral zone.
6:46 of 2nd period - Chris Drury is hit by Marek Svatos and loses puck.
7:01 of 2nd period - Dennis Wideman is hit by Matt Moulson and loses puck.
7:14 of 2nd period - Matt Moulson is hit by Dennis Wideman.
7:18 of 2nd period - Vaclav Prospal is hit by Maxim Talbot and loses puck.
7:23 of 2nd period - Wrist shot by Drew Miller.
7:23 of 2nd period - Goal by Drew Miller - Nordiques : 1 - Canadiens : 5.
7:24 of 2nd period - Chris Drury wins face-off versus Marc Savard in neutral zone.
7:41 of 2nd period - Slapshot by R.J. Umberger.
7:41 of 2nd period - Stopped by Jonathan Bernier with a rebound.
7:51 of 2nd period - Kyle Calder is hit by Dan Boyle and loses puck.
7:56 of 2nd period - Snap shot by Drew Miller.
7:56 of 2nd period - Shot Misses the Net.
7:58 of 2nd period - Wrist shot by Devin Setoguchi.
7:58 of 2nd period - Stopped by Julien Ellis with a rebound.
8:00 of 2nd period - Wrist shot by Maxim Talbot.
8:00 of 2nd period - Stopped by Julien Ellis without a rebound.
8:01 of 2nd period - Chris Drury wins face-off versus Brooks Laich in Nordiques zone.
8:36 of 2nd period - Toni Lydman is hit by Denis Grebeshkov and loses puck.
9:17 of 2nd period - Snap shot by Rene Bourque.
9:17 of 2nd period - Shot Misses the Net.
9:35 of 2nd period - Slapshot by Dan Boyle.
9:35 of 2nd period - Shot Blocked by Alexei Kovalev.
9:43 of 2nd period - Snap shot by Chris Drury.
9:43 of 2nd period - Shot Misses the Net.
10:04 of 2nd period - Marc Savard is hit by Dustin Byfuglien and loses puck.
10:48 of 2nd period - Snap shot by Marek Svatos.
10:48 of 2nd period - Stopped by Julien Ellis with a rebound.
10:50 of 2nd period - Slapshot by Matt Carle.
10:50 of 2nd period - Stopped by Julien Ellis with a rebound.
10:52 of 2nd period - Slapshot by Ladislav Smid.
10:52 of 2nd period - Stopped by Julien Ellis without a rebound.
10:53 of 2nd period - Chris Drury wins face-off versus Maxim Talbot in Nordiques zone.
10:53 of 2nd period - Chris Drury is hit by Denis Grebeshkov.
11:03 of 2nd period - Slapshot by Chris Drury.
11:03 of 2nd period - Deflect By Alexei Kovalev.
11:03 of 2nd period - Stopped by Jonathan Bernier without a rebound.
11:04 of 2nd period - Chris Drury wins face-off versus Maxim Talbot in Canadiens zone.
11:05 of 2nd period - Snap shot by Alexei Kovalev.
11:05 of 2nd period - Shot Blocked by Dennis Wideman.
11:07 of 2nd period - Slapshot by Mark Eaton.
11:07 of 2nd period - Stopped by Jonathan Bernier with a rebound.
11:09 of 2nd period - Snap shot by R.J. Umberger.
11:09 of 2nd period - Stopped by Jonathan Bernier without a rebound.
11:10 of 2nd period - Maxim Talbot wins face-off versus Chris Drury in Canadiens zone.
11:10 of 2nd period - Maxim Talbot is hit by Mark Eaton.
11:13 of 2nd period - Minor Penalty to Maxim Talbot for Tripping.
11:14 of 2nd period - R.J. Umberger wins face-off versus Marc Savard in Canadiens zone.
13:13 of 2nd period - Penalty to Maxim Talbot is over, Maxim Talbot is back on ice.
13:33 of 2nd period - Miroslav Satan is hit by Marek Svatos and loses puck.
14:14 of 2nd period - Off-side.
14:15 of 2nd period - Jarret Stoll wins face-off versus Marc Savard in neutral zone.
14:18 of 2nd period - Backhand shot by Pascal Dupuis.
14:18 of 2nd period - Stopped by Jonathan Bernier without a rebound.
14:19 of 2nd period - Marc Savard wins face-off versus Jarret Stoll in Canadiens zone.
14:48 of 2nd period - Maxim Talbot is hit by Shane Hnidy and loses puck.
15:25 of 2nd period - Backhand shot by Miroslav Satan.
15:25 of 2nd period - Stopped by Jonathan Bernier without a rebound.
15:26 of 2nd period - Rich Peverley wins face-off versus Dustin Boyd in Canadiens zone.
15:29 of 2nd period - Slapshot by Rich Peverley.
15:29 of 2nd period - Shot Misses the Net.
15:31 of 2nd period - Slapshot by Fedor Tyutin.
15:31 of 2nd period - Stopped by Jonathan Bernier with a rebound.
15:33 of 2nd period - Slapshot by Fedor Tyutin.
15:33 of 2nd period - Stopped by Jonathan Bernier without a rebound.
15:34 of 2nd period - Marc Savard wins face-off versus Chris Drury in Canadiens zone.
15:42 of 2nd period - Icing by Mark Eaton.
15:43 of 2nd period - Marc Savard wins face-off versus Chris Drury in Nordiques zone.
15:54 of 2nd period - Slapshot by Mark Eaton.
15:54 of 2nd period - Stopped by Jonathan Bernier with a rebound.
16:14 of 2nd period - Backhand shot by Fedor Tyutin.
16:14 of 2nd period - Deflect By Marek Svatos.
16:14 of 2nd period - Stopped by Jonathan Bernier with a rebound.
16:18 of 2nd period - Slapshot by Alexei Kovalev.
16:18 of 2nd period - Stopped by Jonathan Bernier without a rebound.
16:19 of 2nd period - Maxim Talbot wins face-off versus Vaclav Prospal in Canadiens zone.
16:21 of 2nd period - Minor Penalty to Maxim Talbot for Slashing.
16:22 of 2nd period - Chris Drury wins face-off versus Marc Savard in Canadiens zone.
16:30 of 2nd period - Snap shot by R.J. Umberger.
16:30 of 2nd period - Goal by R.J. Umberger - Nordiques : 2 - Canadiens : 5.
16:31 of 2nd period - Chris Drury wins face-off versus Marc Savard in neutral zone.
16:33 of 2nd period - Off-side.
16:34 of 2nd period - Marc Savard wins face-off versus Chris Drury in neutral zone.
16:47 of 2nd period - Snap shot by Marc Savard.
16:47 of 2nd period - Stopped by Julien Ellis with a rebound.
16:49 of 2nd period - Snap shot by Marek Svatos.
16:49 of 2nd period - Shot Misses the Net.
17:01 of 2nd period - Wrist shot by Drew Miller.
17:01 of 2nd period - Stopped by Julien Ellis with a rebound.
17:52 of 2nd period - Wrist shot by Marek Svatos.
17:52 of 2nd period - Shot Blocked by Miroslav Satan.
17:54 of 2nd period - Snap shot by Patrick Sharp.
17:54 of 2nd period - Shot Misses the Net.
18:12 of 2nd period - Slapshot by R.J. Umberger.
18:12 of 2nd period - Shot Misses the Net.
18:14 of 2nd period - Slapshot by Mark Eaton.
18:14 of 2nd period - Shot Blocked by Ladislav Smid.
18:16 of 2nd period - Slapshot by Chris Drury.
18:16 of 2nd period - Shot Blocked by Matt Carle.
18:36 of 2nd period - Ladislav Smid is hit by Dustin Byfuglien and loses puck.
18:49 of 2nd period - Snap shot by Jarret Stoll.
18:49 of 2nd period - Shot Misses the Net.
18:57 of 2nd period - Slapshot by Pascal Dupuis.
18:57 of 2nd period - Shot Blocked by Maxim Talbot.
Goals for this period are 1 for Nordiques vs 3 for Canadiens.
Shots for this period are 17 for Nordiques vs 13 for Canadiens.

3rd period


0:01 of 3rd period - Chris Drury wins face-off versus Marc Savard in neutral zone.
0:14 of 3rd period - Slapshot by Denis Grebeshkov.
0:14 of 3rd period - Stopped by Julien Ellis with a rebound.
0:16 of 3rd period - Snap shot by Marek Svatos.
0:16 of 3rd period - Stopped by Julien Ellis with a rebound.
0:39 of 3rd period - Vaclav Prospal is hit by Denis Grebeshkov and loses puck.
1:39 of 3rd period - Icing by Marc Savard.
1:40 of 3rd period - Jarret Stoll wins face-off versus Marc Savard in Canadiens zone.
2:32 of 3rd period - Marek Svatos is hit by Pascal Dupuis and loses puck.
3:14 of 3rd period - Off-side.
3:15 of 3rd period - Chris Drury wins face-off versus Drew Miller in neutral zone.
3:30 of 3rd period - Snap shot by Drew Miller.
3:30 of 3rd period - Goal by Drew Miller - Nordiques : 2 - Canadiens : 6.
3:31 of 3rd period - Chris Drury wins face-off versus Maxim Talbot in neutral zone.
3:42 of 3rd period - Wrist shot by Alexei Kovalev.
3:42 of 3rd period - Shot Blocked by Dennis Wideman.
3:44 of 3rd period - Snap shot by Chris Drury.
3:44 of 3rd period - Stopped by Jonathan Bernier without a rebound.
3:45 of 3rd period - Brooks Laich wins face-off versus Vaclav Prospal in Canadiens zone.
3:58 of 3rd period - Snap shot by Vaclav Prospal.
3:58 of 3rd period - Stopped by Jonathan Bernier with a rebound.
4:00 of 3rd period - Snap shot by Dustin Byfuglien.
4:00 of 3rd period - Shot Blocked by Denis Grebeshkov.
4:37 of 3rd period - Off-side.
4:38 of 3rd period - Dustin Boyd wins face-off versus Rich Peverley in neutral zone.
4:51 of 3rd period - Wrist shot by Rich Peverley.
4:51 of 3rd period - Shot Misses the Net.
5:37 of 3rd period - Icing by Rich Peverley.
5:38 of 3rd period - Rich Peverley wins face-off versus Marc Savard in Nordiques zone.
5:59 of 3rd period - Backhand shot by Kyle Calder.
5:59 of 3rd period - Shot Misses the Net.
6:01 of 3rd period - Slapshot by Fedor Tyutin.
6:01 of 3rd period - Shot Misses the Net.
6:12 of 3rd period - Minor Penalty to Marek Svatos for High sticking.
6:13 of 3rd period - Chris Drury wins face-off versus Maxim Talbot in Canadiens zone.
6:47 of 3rd period - Drew Miller is hit by Matt Moulson.
6:55 of 3rd period - Mark Eaton is hit by Denis Grebeshkov and loses puck.
8:10 of 3rd period - Vaclav Prospal is hit by Jiri Fischer and loses puck.
8:12 of 3rd period - Penalty to Marek Svatos is over, Marek Svatos is back on ice.
8:37 of 3rd period - Snap shot by Patrick Sharp.
8:37 of 3rd period - Stopped by Julien Ellis without a rebound.
8:38 of 3rd period - Dustin Boyd wins face-off versus Rich Peverley in Nordiques zone.
8:43 of 3rd period - Slapshot by Riley Cote.
8:43 of 3rd period - Deflect By Brian Gionta.
8:43 of 3rd period - Shot Misses the Net.
8:43 of 3rd period - Puck is out of play.
8:44 of 3rd period - Rich Peverley wins face-off versus Dustin Boyd in Nordiques zone.
8:55 of 3rd period - Miroslav Satan is hit by Riley Cote and loses puck.
9:14 of 3rd period - Wrist shot by Chris Drury.
9:14 of 3rd period - Stopped by Jonathan Bernier with a rebound.
9:46 of 3rd period - Minor Penalty to Niklas Kronwall for Cross-checking.
9:47 of 3rd period - Marc Savard wins face-off versus R.J. Umberger in Nordiques zone.
11:46 of 3rd period - Penalty to Niklas Kronwall is over, Niklas Kronwall is back on ice.
12:24 of 3rd period - Snap shot by Vaclav Prospal.
12:24 of 3rd period - Goal by Vaclav Prospal - Nordiques : 3 - Canadiens : 6.
12:25 of 3rd period - Marc Savard wins face-off versus Alexei Kovalev in neutral zone.
12:30 of 3rd period - Slapshot by Dan Boyle.
12:30 of 3rd period - Stopped by Julien Ellis without a rebound.
12:31 of 3rd period - Chris Drury wins face-off versus Marc Savard in Nordiques zone.
12:57 of 3rd period - Snap shot by Dustin Byfuglien.
12:57 of 3rd period - Shot Misses the Net.
12:59 of 3rd period - Snap shot by Vaclav Prospal.
12:59 of 3rd period - Shot Misses the Net.
13:01 of 3rd period - Snap shot by Vaclav Prospal.
13:01 of 3rd period - Deflect By Dan Boyle.
13:01 of 3rd period - Shot Misses the Net.
13:01 of 3rd period - Puck is out of play.
13:02 of 3rd period - Maxim Talbot wins face-off versus Vaclav Prospal in Canadiens zone.
13:11 of 3rd period - Slapshot by Dennis Wideman.
13:11 of 3rd period - Stopped by Julien Ellis without a rebound.
13:12 of 3rd period - Maxim Talbot wins face-off versus Chris Drury in Nordiques zone.
13:22 of 3rd period - Minor Penalty to Alexei Kovalev for Holding.
13:23 of 3rd period - R.J. Umberger wins face-off versus Marc Savard in Nordiques zone.
13:34 of 3rd period - Wrist shot by Marek Svatos.
13:34 of 3rd period - Goal by Marek Svatos - Nordiques : 3 - Canadiens : 7.
13:35 of 3rd period - Chris Drury wins face-off versus Marc Savard in neutral zone.
14:27 of 3rd period - Snap shot by Riley Cote.
14:27 of 3rd period - Shot Misses the Net.
14:36 of 3rd period - Off-side.
14:37 of 3rd period - Marc Savard wins face-off versus Chris Drury in neutral zone.
14:53 of 3rd period - Wrist shot by Alexei Kovalev.
14:53 of 3rd period - Shot Blocked by Marc Savard.
15:07 of 3rd period - Wrist shot by Greg Stewart.
15:07 of 3rd period - Stopped by Julien Ellis with a rebound.
15:09 of 3rd period - Slapshot by Matt Carle.
15:09 of 3rd period - Stopped by Julien Ellis with a rebound.
15:11 of 3rd period - Snap shot by Greg Stewart.
15:11 of 3rd period - Shot Misses the Net.
15:13 of 3rd period - Wrist shot by Brooks Laich.
15:13 of 3rd period - Shot Misses the Net.
15:15 of 3rd period - Slapshot by Matt Carle.
15:15 of 3rd period - Stopped by Julien Ellis with a rebound.
15:17 of 3rd period - Slapshot by Matt Carle.
15:17 of 3rd period - Shot Misses the Net.
15:47 of 3rd period - Shane Hnidy is hit by Denis Grebeshkov and loses puck.
15:54 of 3rd period - Snap shot by Kyle Calder.
15:54 of 3rd period - Shot Misses the Net.
16:47 of 3rd period - Minor Penalty to Maxim Talbot for Hooking.
16:48 of 3rd period - Chris Drury wins face-off versus Marc Savard in Canadiens zone.
18:18 of 3rd period - Dustin Boyd is hit by R.J. Umberger.
18:45 of 3rd period - Brooks Laich is hit by Miroslav Satan and loses puck.
18:47 of 3rd period - Penalty to Maxim Talbot is over, Maxim Talbot is back on ice.
19:24 of 3rd period - Slapshot by Marek Svatos.
19:24 of 3rd period - Shot Misses the Net.
19:26 of 3rd period - Slapshot by Ladislav Smid.
19:26 of 3rd period - Shot Misses the Net.
19:36 of 3rd period - Niclas Wallin is hit by Devin Setoguchi and loses puck.
Goals for this period are 1 for Nordiques vs 2 for Canadiens.
Shots for this period are 4 for Nordiques vs 10 for Canadiens.